cohdb
Replays
Latest Replays
All Replays
Popular Replays
Top Player Replays
Match Explorer
How It Works
Community
CoH3 Stats
Reddit
Sign in to upload your games and track your stats! →
Sign in with Steam
Match 29133233
Unlisted
Match 29133233
Overview
Messages
Build Orders
End
Construct Section Command Post
Royal Engineer Section
Dingo Light Scout Car
Infantry Section
Infantry Section
Selects Indian Artillery Battlegroup
ML 3-inch Mortar Team
Construct Platoon Command Post
Construct Company Command Post
Selects Valour
Selects Gurkha Rifles Section
Gurkha Rifles Section
Gurkha Rifles Section
Matilda II Heavy Tank
Construct Field Infirmary
Gurkha Rifles Section
Selects Volunteer Infantry
Matilda II Heavy Tank
Selects Artillery Saturation
Infantry Section
Selects Off-map Airburst Barrage
Infantry Training
Armored Vehicle Training
Matilda II Heavy Tank
Gurkha Rifles Section
Selects Perimeter Monitor
^3
sc3ada
0
0
Comments
sign in to comment!
No comments posted yet!